cohdb
Replays
Latest Replays
All Replays
Popular Replays
Top Player Replays
Match Explorer
How It Works
Community
CoH3 Stats
Reddit
Sign in to upload your games and track your stats! →
Sign in with Steam
Match 43873549
Unlisted
Match 43873549
Overview
Messages
Build Orders
End
Construct Infanterie Kompanie
Selects Breakthrough Battlegroup
Selects Assault Grenadiers
Grenadier Squad
Grenadier Squad
GrW 34 Mortar Team
Infanterie Officer Quarters
Grenadier Squad
Selects Rapid Production
Construct Luftwaffe Kompanie
Construct Panzergrenadier Kompanie
Panzergrenadier Squad
MG 42 Bunker
Panzergrenadier Squad
Support Elements
AI Takeover
bigcheese
Ket
Ycraes
WoW
Flightless Bird
Magnum
JackCoded
Definitely not a Pineapple
0
0
Comments
sign in to comment!
No comments posted yet!